 Dungeon Crawl Stone Soup version 0.31-a0-1616-gbeaec30b81 (webtiles) character file.

Game seed: 13072960964549258457

3000 Arzdou the Nimble (level 9, -2/75 HPs)
             Began as a Merfolk Monk on Jan 10, 2024.
             Was an Initiate of Gozag.
             Killed by nerve-wracking pain
             ... invoked by an orc priest
              (11 damage)
             ... on level 8 of the Dungeon.
             The game lasted 00:15:57 (8716 turns).

Arzdou the Nimble (Merfolk Monk)                    Turns: 8716, Time: 00:15:58

Health: -2/75      AC:  8    Str: 12    XL:     9   Next: 84%
Magic:  9/9        EV: 15    Int: 13    God:    Gozag
Gold:   461        SH:  0    Dex: 16    Spells: 8/8 levels left

rFire   . . .        a - +0 falchion
rCold   + . .        d - orb {light}
rNeg    . . .        j - +0 ring mail
rPois   .            (no helmet)
rElec   .            b - scarf {shadows}
rCorr   .            i - +1 pair of gloves
SInv    +            p - +0 pair of boots
Will    .....        (no amulet)
Stlth   +            f - ring of see invisible
HPRegen 0.32/turn    A - ring of protection from cold
MPRegen 0.11/turn

%: no passive effects
@: gold aura, glowing
A: (nimble swimmer 2), mertail
a: Renounce Religion, Potion Petition, Call Merchant, Bribe Branch


You were on level 8 of the Dungeon.
You worshipped Gozag.
Gozag was aware of your devotion.
You visited 2 branches of the dungeon, and saw 9 of its levels.
You also visited: Ossuary.

You collected 461 gold pieces.

Inventory:

Hand Weapons
 a - a +0 falchion (weapon)
 n - a +0 long sword
Missiles
 s - 8 poisoned darts (quivered)
Armour
 b - a scarf of shadows (worn)
 d - an orb of light (worn)
 i - a +1 pair of gloves (worn)
 j - a +0 ring mail (worn)
 p - a +0 pair of boots (worn)
 I - a +2 cloak
Jewellery
 f - a ring of see invisible (left hand)
 A - a ring of protection from cold (right hand)
 E - a ring of ice
 F - a ring of fire
Talismans
 C - a maw talisman
Wands
 k - a wand of paralysis (8)
Scrolls
 c - 2 scrolls of blinking
 e - a scroll of amnesia
 g - 4 scrolls of fog
 l - 5 scrolls of poison
 w - a scroll of fear
 B - a scroll of teleportation
Potions
 h - 2 potions of might
 m - 2 potions of haste
 o - a potion of curing
 q - 2 potions of heal wounds
 r - 4 potions of mutation
 t - a potion of degeneration {unknown}
 u - a potion of resistance {unknown}
 v - a potion of cancellation {unknown}
 x - 2 potions of attraction
 z - 2 potions of enlightenment {unknown}


   Skills:
 + Level 8.8 Fighting
 - Level 9.0 Long Blades
 + Level 10.4 Dodging
 + Level 5.6 Stealth


You had 8 spell levels left.
You didn't know any spells.
Your spell library contained the following spells:

 Spells                   Type           Power      Damage    Failure   Level
 Lesser Beckoning         Tloc           0%         N/A       71%         2
 Gell's Gravitas          Tloc           0%         N/A       91%         3
 Inner Flame              Hex/Fire       0%         N/A       91%         3
 Teleport Other           Tloc           0%         N/A       91%         3
 Tukima's Dance           Hex            0%         N/A       91%         3
 Volatile Blastmotes      Fire/Tloc      0%         2d10      91%         3
 Dimensional Bullseye     Hex/Tloc       0%         N/A       100%        4
 Fulminant Prism          Conj/Alch      0%         3d5       100%        4
 Iskenderun's Mystic Bla  Conj/Tloc      0%         2d3       100%        4
 Passage of Golubria      Tloc           0%         N/A       100%        4
 Irradiate                Conj/Alch      0%         3d11      100%        5
 Yara's Violent Unravell  Hex/Alch       0%         3d3       100%        5
 Haunt                    Necr/Summ      0%         N/A       100%        7
 Borgnjor's Revivificati  Necr           0%         N/A       100%        8
 Ignition                 Fire           0%         3d3       100%        8
 Death's Door             Necr           0%         N/A       100%        9


Dungeon Overview and Level Annotations

Branches:
Dungeon (8/15)             Temple (1/1) D:7         Ossuary (visited)
   Lair: D:8-11

Altars:
Ashenzari
Cheibriados
Dithmenos
Elyvilon
Fedhas
Gozag
Makhleb
Nemelex Xobeh
Okawaru
Qazlal
Sif Muna
Trog
Uskayaw
Wu Jian
Yredelemnul
The Shining One


Innate Abilities, Weirdness & Mutations

((You are very nimble when in or above water. (Stealth+, EV+, Speed+++)))
Your lower body shifts to a powerful aquatic tail in water.


Message History

The water moccasin is heavily wounded.
You feel sick. The water moccasin misses you. The water moccasin bites you.
You are more poisoned.
The water moccasin poisons you!
You completely miss the water moccasin.
The water moccasin is heavily wounded.
You feel very sick. The water moccasin bites you.
You feel better.
The orc priest invokes the aid of Beogh against you.
Beogh smites you!
* * * LOW HITPOINT WARNING * * *
The water moccasin bites you but does no damage.
You hit the water moccasin.
The water moccasin is severely wounded.
You hear the faint creaking of a portcullis nearby.
The water moccasin completely misses you.
You hit the water moccasin but do no damage.
The water moccasin is severely wounded.
The water moccasin bites you but does no damage.
You slash the water moccasin!
You kill the water moccasin!
You hit the orc priest but do no damage.
The orc priest closely misses you.
You hit the orc priest.
The orc priest is lightly wounded.
The orc priest mumbles some strange prayers to Beogh against you.
Beogh smites you!
* * * LOW HITPOINT WARNING * * *
You slash the orc priest!
The orc priest is heavily wounded.
The orc priest closely misses you.
You barely miss the orc priest.
The orc priest is heavily wounded.
You hit the orc priest.
The orc priest is almost dead.
The orc priest mumbles some strange prayers to Beogh against you.
Pain shoots through your body!
You die...
Your body crumbles into a pile of gold.

..............#
....###.......#
##......####.
#...........
##..#####..
##.#####.#
#....##.#
####....#
###$@# #o##
#.$.o.S..
#..#.#.... #..#
.. ... .... ..#
.. ..... ... .
.... ###.


You could see an orc priest.

Vanquished Creatures
  Maurice (D:8)
  A troll (D:7)
  A wyvern (D:6)
  2 water moccasins
  Duvessa (D:5)
  An ice beast (D:5)
  2 black bears
  2 centaurs
  A phantom (D:5)
  A weeping skull (Ossuary)
  A bullfrog (D:7)
  A burial acolyte (Ossuary)
  Dowan (D:5)
  4 killer bees
  A howler monkey (D:5)
  A bombardier beetle (D:3)
  3 human zombies (Ossuary)
  4 hounds
  4 jellies
  Crazy Yiuf (D:3)
  A gnoll bouda (D:5)
  2 orc priests (D:6)
  3 iguanas
  Jessica (D:3)
  Natasha (twice) (D:3)
  4 orc wizards
  3 hound zombies (Ossuary)
  2 mummies (Ossuary)
  3 gnolls (D:5)
  5 adders
  6 ufetubi
  2 ribbon worms
  3 dart slugs
  16 orcs
  6 ball pythons
  6 endoplasms
  A giant cockroach (D:4)
  6 goblins
  7 hobgoblins
  4 jackals (D:3)
  2 kobolds
  4 quokkas
  6 bats (D:1)
  3 frilled lizards
  7 gnoll zombies (Ossuary)
  5 orc zombies (Ossuary)
  6 rats
150 creatures vanquished.

Vanquished Creatures (others)
  A burial acolyte (Ossuary)
1 creature vanquished.

Grand Total: 151 creatures vanquished

Notes
Turn   | Place    | Note
-------+----------+-------------------------------------------
     0 | D:1      | Arzdou the Merfolk Monk began the quest for the Orb.
     0 | D:1      | Reached XP level 1. HP: 18/18 MP: 1/1
   133 | D:1      | Reached XP level 2. HP: 24/24 MP: 2/2
   410 | D:1      | Reached XP level 3. HP: 29/29 MP: 3/3
   970 | D:2      | Reached skill level 5 in Long Blades
  1346 | D:3      | Reached XP level 4. HP: 28/35 MP: 4/4
  1474 | D:3      | Reached XP level 5. HP: 23/41 MP: 5/5
  1669 | D:3      | Noticed Jessica
  1676 | D:3      | Killed Jessica
  1705 | D:3      | Noticed Natasha
  1713 | D:3      | Killed Natasha
  1863 | D:3      | Noticed Natasha
  1872 | D:3      | Killed Natasha
  1873 | D:3      | Reached XP level 6. HP: 42/47 MP: 6/6
  1985 | D:3      | Found a runed translucent door.
  1986 | D:3      | Noticed Crazy Yiuf
  2131 | D:4      | Found a sand-covered staircase.
  2148 | Ossuary  | Entered an ossuary
  2659 | Ossuary  | Reached XP level 7. HP: 35/52 MP: 7/7
  2956 | D:4      | Reached skill level 5 in Dodging
  3321 | D:5      | Entered Level 5 of the Dungeon
  3484 | D:5      | Reached skill level 5 in Fighting
  3484 | D:5      | Reached skill level 6 in Dodging
  3665 | D:5      | Reached XP level 8. HP: 27/62 MP: 8/8
  3972 | D:5      | Reached skill level 7 in Dodging
  4064 | D:5      | Noticed Duvessa
  4069 | D:5      | Noticed Dowan
  4229 | D:6      | Identified the +3 whip "Keuvefubb" {freeze, *Noise rN++
                  | Str+4 Int+4}
  4713 | D:6      | Noticed a wyvern
  5006 | D:6      | Reached skill level 8 in Dodging
  5416 | D:6      | Found a bloodstained altar of Trog.
  5419 | D:6      | Found a stormy altar of Qazlal.
  5421 | D:6      | Found a snail-covered altar of Cheibriados.
  5773 | D:7      | Reached skill level 1 in Stealth
  6115 | D:7      | Reached XP level 9. HP: 49/72 MP: 9/9
  6204 | D:7      | Found a staircase to the Ecumenical Temple.
  6249 | Temple   | Entered the Ecumenical Temple
  6254 | Temple   | Became a worshipper of Gozag Ym Sagoz the Greedy
  6294 | D:7      | Reached skill level 9 in Dodging
  6643 | D:7      | Noticed a troll
  6663 | D:7      | Killed a troll
  6828 | D:7      | Found a shimmering blue altar of Sif Muna.
  6844 | D:7      | Found a basalt altar of Yredelemnul.
  6845 | D:7      | Found an ornate altar of the Wu Jian Council.
  7180 | D:6      | Identified the +0 leather armour "Baewo" {Str-5 Int+4}
  8157 | D:5      | Killed Duvessa
  8163 | D:5      | Killed Dowan
  8353 | D:3      | Killed Crazy Yiuf
  8557 | D:8      | Noticed Maurice
  8563 | D:8      | Maurice stole a maw talisman
  8565 | D:8      | Maurice stole a ring of fire
  8567 | D:8      | Maurice stole a +0 long sword
  8572 | D:8      | Paralysed by Maurice for 2 turns
  8580 | D:8      | Paralysed by Maurice for 2 turns
  8596 | D:8      | Maurice stole 438 gold
  8598 | D:8      | Killed Maurice
  8599 | D:8      | Reached skill level 10 in Dodging
  8599 | D:8      | Reached skill level 5 in Stealth
  8716 | D:8      | Killed from afar by an orc priest

Illustrated notes

Levels and vault maps discovered:
D:1:      dpeg_arrival_central, layout_basic, serial_corexii_hall,
          corexii_hall_statues_t, corexii_hall_statues_l, minmay_box_of_dots
D:2:      layout_basic
D:3:      layout_rooms, uniq_natasha, uniq_crazy_yiuf_cottage, uniq_jessica
D:4:      nicolae_cairo_tiling_large, layout_rooms, enter_ossuary_1,
          chequers_serial_rivers_room_a, hangedman_abyss_or_decor_lesser_grid
D:5:      cheibrodos_helix_gallery, layout_basic, uniq_duvessa
D:6:      layout_basic, nicolae_overflow_hidden_temple, serial_park_tiny_1
D:7:      hellmonk_ruined_rings, layout_basic, minitemple
D:8:      layout_rooms, regret_index_temple_of_mockery,
          gammafunk_temple_overflow_forgotten, serial_shops, nicolae_shop_stone,
          enter_bailey_5, uniq_gastronok, uniq_erica, uniq_maurice, uniq_joseph
Temple:   hellmonk_temple_micro_hex

Skill      XL: |  1  2  3  4  5  6  7  8  9 |
---------------+----------------------------+-----
Long Blades    | 4 5 6 7 9 |  9.0
Fighting       | 5 7 8 |  8.8
Dodging        | 6 8 10 | 10.4
Stealth        | 2 5 |  5.6

Action                     |  1- 3 |  4- 6 |  7- 9 || total
---------------------------+-------+-------+-------++-------
  Melee: Falchion          |   109 |   164 |   430 ||   703
  Throw: Dart              |       |       |    13 ||    13
    Use: Potion            |       |     3 |     2 ||     5
         Scroll            |       |     3 |    15 ||    18
 Armour: Robe              |    17 |       |       ||    17
         Ring mail         |    35 |    84 |   289 ||   408
  Dodge: Dodged            |    82 |    66 |   263 ||   411

Table legend: (Time is in decaauts)
 A = Elapsed time spent in this place.
 B = Non-inter-level travel time spent in this place.
 C = Inter-level travel time spent in this place.
 D = Time resting spent in this place.
 E = Time spent auto-exploring this place.
 F = Levels seen in this place.
 G = Mean time per level.
                   A        B        C        D        E       F      G
               +--------+--------+--------+--------+--------+-----+--------+
         Total |   8672 |   8184 |    488 |   1648 |   4890 |  10 |  867.2 |
       Dungeon |   7952 |   7472 |    480 |   1648 |   4381 |   8 |  994.0 |
        Temple |     10 |      2 |      8 |      0 |      0 |   1 |   10.0 |
       Ossuary |    709 |    709 |      0 |      0 |    509 |   1 |  709.0 |
               +--------+--------+--------+--------+--------+-----+--------+

Top non-repeatable levels by time:
     D:6: 1724 daAuts
     D:7: 1660 daAuts
     D:5: 1445 daAuts
     D:3: 870 daAuts
     D:4: 727 daAuts
 Ossuary: 709 daAuts
     D:1: 695 daAuts
     D:2: 672 daAuts
     D:8: 157 daAuts
  Temple: 10 daAuts
